 Dungeon Crawl Stone Soup version 0.25-a0-1079-g858b6a6ff6 (webtiles) character file.

Game seed: 8326885286394560377, levelgen mode: deterministic

12439 Flugslaktarn the Cleaver (level 11, -38/102 HPs)
             Began as a Deep Dwarf Fighter on May 15, 2020.
             Was a High Priest of Makhleb.
             Killed from afar by an ice dragon (45 damage)
             ... with a blast of cold
             ... while paralysed
             ... on level 9 of the Dungeon.
             The game lasted 00:05:42 (6985 turns).

Flugslaktarn the Cleaver (Deep Dwarf Fighter)       Turns: 6985, Time: 00:05:43

Health: -38/102    AC: 16    Str: 23    XL:     11   Next: 62%
Magic:  8/8        EV:  2    Int: 12    God:    Makhleb [*****.]
Gold:   364        SH:  0    Dex: 12    Spells: 10/10 levels left

rFire    + + .     SeeInvis +   r - +1 war axe "Wunuk" {vorpal, rN+ Int+3 SInv} (curse)
rCold    . . .     Gourm    .   c - +0 kite shield
rNeg     + . .     Faith    .   A - +0 plate armour
rPois    .         Spirit   .   (no helmet)
rElec    .         Reflect  .   z - scarf {+Inv}
rCorr    .         Harm     .   (no gloves)
MR       +....                  q - +2 pair of boots
Stlth    ..........             u - amulet of the acrobat
HPRegen  0.00/turn              f - ring of protection from fire
MPRegen  0.11/turn              k - ring of protection from fire

@: paralysed, berserk cooldown, stab, non-regenerating, slowed, heavily drained
A: damage resistance, heal wounds, sense surroundings 2, no regeneration
a: Heal Wounds, Minor Destruction, Lesser Servant of Makhleb, Major Destruction,
Greater Servant of Makhleb, Renounce Religion, Evoke Invisibility


You were on level 9 of the Dungeon.
You worshipped Makhleb.
Makhleb was extremely pleased with you.
You were not hungry.

You visited 2 branches of the dungeon, and saw 12 of its levels.

You collected 768 gold pieces.
You spent 404 gold pieces at shops.

Inventory:

Hand Weapons
 a - a +1 war axe
 r - the cursed +1 war axe "Wunuk" (weapon) {vorpal, rN+ Int+3 SInv}
   (You bought it in a shop on level 9 of the Dungeon)

   It inflicts extra damage upon your enemies.
   It affects your intelligence (+3).
   It protects you from negative energy.
   It lets you see invisible.
   It has a curse placed upon it.
Missiles
 w - 2 throwing nets (quivered)
Armour
 b - a +0 scale mail
 c - a +0 kite shield (worn)
 q - a +2 pair of boots (worn)
   (You found it on level 5 of the Dungeon)
 z - a scarf of invisibility (worn)
   (You found it on level 10 of the Dungeon)
 A - a +0 plate armour (worn)
   (You found it on level 5 of the Dungeon)
 C - a +0 cloak
   (You found it on level 8 of the Dungeon)
Jewellery
 f - a ring of protection from fire (left hand)
   (You took it off a goblin on level 1 of the Dungeon)
 k - a ring of protection from fire (right hand)
   (You took it off a crimson imp on level 5 of the Dungeon)
 u - an amulet of the acrobat (around neck)
   (You found it on level 6 of the Dungeon)
Wands
 s - a wand of acid (34)
   (You found it on level 5 of the Dungeon)
Scrolls
 i - a scroll of immolation
 o - a scroll of summoning
 t - 6 scrolls of teleportation
 x - a scroll of remove curse
 y - a scroll of fog
Potions
 d - 2 potions of might
 g - a potion of flight
 h - 3 potions of brilliance
 n - a potion of haste {unknown}
 p - a potion of heal wounds {unknown}
 v - a potion of degeneration {unknown}
 E - a potion of cancellation {unknown}
Comestibles
 e - 13 rations


   Skills:
 + Level 7.7(5.8) Fighting
 * Level 12.1(9.9) Axes
 + Level 9.1(7.1) Armour
 + Level 9.2(7.2) Shields
 + Level 9.1(7.1) Invocations


You had 10 spell levels left.
You didn't know any spells.
Your spell library was empty.

Dungeon Overview and Level Annotations

Branches:
Dungeon (11/15)            Temple (1/1) D:5            Lair (0/6) D:10
    Orc (0/2) D:10

Altars:
Ashenzari
Cheibriados
Dithmenos
Elyvilon
Fedhas
Gozag
Hepliaklqana
Kikubaaqudgha
Makhleb
Nemelex Xobeh
Okawaru
Qazlal
Ru
Sif Muna
Trog
Uskayaw
Vehumet
Wu Jian
Xom
Yredelemnul
Zin
The Shining One

Shops:
D:8 %   D:9 (

Portals:
Trove: D:10 (give 9 potions of haste)

Annotations:
D:6 exclusion: oklob plant
D:9 1 runed translucent door


Innate Abilities, Weirdness & Mutations

You are resistant to damage.
You can heal yourself by infusing magical energy.
You passively map the area around you.
You do not regenerate.


Message History

The ice dragon is severely wounded.
The fire dragon breathes flames at you. The blast of flame hits you!
You resist.
* * * LOW HITPOINT WARNING * * *
You closely miss the fire dragon.
You hit the ice dragon but do no damage.
You are no longer berserk.
You pass out from exhaustion.
You feel yourself slow down.
The ice dragon bites you but does no damage.
The ice dragon claws you but does no damage.
The ice dragon tramples you.
You are shoved backwards!
The ice dragon bites you!
* * * LOW HITPOINT WARNING * * *
The ice dragon claws you.
* * * LOW HITPOINT WARNING * * *
The ice dragon tramples you but does no damage.
The ice dragon breathes frost at you. The blast of cold hits you!!!
You die...

########)....#
#...........^#
#.#########..#####
#.#..[.#≈≈#.......
#.#.⌠..#≈≈#.....##
#.#.$..####.....#
#DDD..[...+..##.#
#D####....#..##.#
#@#≈≈#..⌠.#..##.#
#.#≈≈#....#..##.#
#.#########..##.#
#...........###.#
##..###.#.### #>#
##.###...#####.##
#...............
####............
#.#..#.##....


You could see a fire dragon and 2 ice dragons.

Vanquished Creatures
  A two-headed ogre (D:8)
  An unseen horror (D:10)
  2 ugly things (D:11)
  Maggie (D:6)
  A troll (D:7)
  5 hippogriffs
  Grinder (D:6)
  A shadow (D:11)
  18 yaks
  A hungry ghost (D:10)
  A basilisk (D:10)
  Menkaure (D:6)
  Edmund (D:4)
  2 water moccasins
  5 orc warriors
  3 sky beasts
  5 black bears
  A hornet zombie (D:11)
  4 ice beasts
  3 phantoms
  5 ogres
  2 crocodiles
  4 centaurs
  A big kobold (D:10)
  6 bullfrogs
  A scorpion (D:8)
  6 killer bees
  2 howler monkeys (D:11)
  4 crimson imps
  3 jellies
  3 bullfrog skeletons
  4 hounds
  A centaur zombie (D:9)
  A centaur skeleton (D:6)
  A quasit (D:8)
  11 orc priests
  3 iguanas
  Ijyb (D:5)
  13 orc wizards
  8 worker ants
  A hound skeleton (D:5)
  3 howler monkey zombies
  A worker ant zombie (D:11)
  10 adders
  3 shadow imps
  An adder zombie (D:9)
  An adder skeleton (D:8)
  A worm (D:4)
  4 leopard geckos
  42 orcs
  9 giant cockroaches
  4 hobgoblins
  10 jackals
  6 quokkas
  8 bats
  A frilled lizard (D:4)
  6 goblins
  A jackal skeleton (D:4)
  A jackal zombie (D:8)
  7 kobolds
  A leopard gecko skeleton (D:4)
  2 quokka skeletons
  A quokka zombie (D:5)
  4 rats
266 creatures vanquished.

Vanquished Creatures (collateral kills)
  A sky beast (D:9)
1 creature vanquished.

Vanquished Creatures (others)
  Blork the orc (D:4)
  A fungus (D:10)
  2 plants (D:10)
4 creatures vanquished.

Grand Total: 271 creatures vanquished

Notes
Turn   | Place    | Note
-------+----------+-------------------------------------------
     0 | D:1      | Flugslaktarn the Deep Dwarf Fighter began the quest for the
                  | Orb.
     0 | D:1      | Reached XP level 1. HP: 20/20 MP: 1/1
   140 | D:1      | Reached XP level 2. HP: 27/27 MP: 2/2
   342 | D:2      | Reached skill level 3 in Axes
   416 | D:3      | Reached XP level 3. HP: 29/33 MP: 3/3
   651 | D:4      | Noticed Edmund
   669 | D:4      | Killed Edmund
   669 | D:4      | Reached skill level 4 in Axes
   669 | D:4      | Reached XP level 4. HP: 23/42 MP: 4/4
   669 | D:4      | Reached XP level 5. HP: 27/49 MP: 5/5
   772 | D:4      | Noticed Blork the orc
   789 | D:4      | Killed Blork the orc
   789 | D:4      | Reached XP level 6. HP: 39/57 MP: 5/5
  1098 | D:4      | Reached skill level 5 in Axes
  1295 | D:5      | Entered Level 5 of the Dungeon
  1357 | D:5      | Noticed Ijyb
  1365 | D:5      | Killed Ijyb
  1373 | D:5      | Reached XP level 7. HP: 39/64 MP: 5/5
  1410 | D:5      | Found a staircase to the Ecumenical Temple.
  1432 | Temple   | Entered the Ecumenical Temple
  1529 | Temple   | Became a worshipper of Makhleb the Destroyer
  1620 | D:5      | Reached skill level 5 in Armour
  1620 | D:5      | Reached skill level 5 in Shields
  1622 | D:5      | Reached skill level 1 in Invocations
  1683 | D:5      | Reached skill level 6 in Axes
  1767 | D:5      | Found a stormy altar of Qazlal.
  1808 | D:5      | Found a blossoming altar of Fedhas.
  2065 | D:6      | Reached * piety under Makhleb
  2134 | D:6      | Reached XP level 8. HP: 67/73 MP: 5/5
  2285 | D:6      | Reached skill level 7 in Axes
  2333 | D:6      | You fall into a shaft and drop 1 floor!
  2419 | D:7      | Reached skill level 5 in Fighting
  2465 | D:7      | Found a radiant altar of Vehumet.
  2555 | D:6      | Noticed Maggie
  2556 | D:6      | Noticed Menkaure
  2559 | D:6      | Reached skill level 8 in Axes
  2569 | D:6      | Reached ** piety under Makhleb
  2570 | D:6      | Killed Maggie
  2570 | D:6      | Gained mutation: You passively map the area around you.
                  | [Deep Dwarf growth]
  2570 | D:6      | Reached XP level 9. HP: 60/81 MP: 7/7
  2572 | D:6      | Killed Menkaure
  2683 | D:6      | Noticed Grinder
  2693 | D:6      | Killed Grinder
  2693 | D:6      | Reached skill level 5 in Invocations
  2698 | D:6      | Found a hazy altar of Hepliaklqana.
  2698 | D:6      | Noticed an oklob plant
  3267 | D:7      | Found a sacrificial altar of Ru.
  3337 | D:7      | Reached skill level 9 in Axes
  3452 | D:7      | Found a sacrificial altar of Ru.
  3454 | D:7      | Found a shattered altar of Ashenzari.
  3456 | D:7      | Noticed a troll
  3457 | D:7      | Found an iron altar of Okawaru.
  3473 | D:7      | Killed a troll
  3611 | D:8      | Noticed a two-headed ogre
  3631 | D:8      | Killed a two-headed ogre
  3631 | D:8      | Reached XP level 10. HP: 78/91 MP: 8/8
  3668 | D:8      | Found Gefynul's Food Emporium.
  4319 | D:9      | Reached skill level 10 in Axes
  4342 | D:9      | Found Ovaefem's Weapon Boutique.
  4395 | D:9      | Reached *** piety under Makhleb
  4736 | D:9      | Reached skill level 11 in Axes
  4800 | D:9      | Noticed a fire dragon
  4806 | D:9      | Found a runed translucent door.
  4806 | D:9      | Noticed a fire dragon
  4807 | D:9      | Found the +2 shield of Resistance {rF+ rC+ MR+}
  4808 | D:9      | Noticed an ice dragon
  4810 | D:9      | Noticed an ice dragon
  4820 | D:9      | Found a runed translucent door.
  5126 | D:10     | Entered Level 10 of the Dungeon
  5243 | D:10     | Reached XP level 11. HP: 90/100 MP: 9/11
  5308 | D:10     | Killed an unseen horror
  5357 | D:10     | Found a staircase to the Lair.
  5372 | D:10     | Reached **** piety under Makhleb
  5439 | D:10     | Found a staircase to the Orcish Mines.
  6030 | D:10     | Found a portal to a secret trove of treasure.
  6281 | D:11     | Noticed a brown ugly thing
  6305 | D:11     | Killed a brown ugly thing
  6313 | D:11     | Reached ***** piety under Makhleb
  6583 | D:11     | Reached skill level 12 in Axes
  6667 | D:11     | Found an opulent altar of Gozag.
  6795 | D:11     | Noticed a green ugly thing
  6821 | D:11     | Killed a green ugly thing
  6933 | D:9      | Bought the cursed +1 war axe "Wunuk" {vorpal, rN+ Int+3
                  | SInv} for 404 gold pieces
  6985 | D:9      | Killed from afar by an ice dragon

Illustrated notes

Levels and vault maps discovered:
D:1:      psy_arrival_radial02, layout_basic
D:2:      layout_rooms
D:3:      layout_loops_ring, ebering_ghost_inner_flame
D:4:      layout_basic, first_ration, chequers_serial_rivers_room_a,
          uniq_edmund, uniq_blork_the_orc
D:5:      layout_cave_pools, grunt_temple_overflow_forces_of_nature,
          minmay_temple_entry_overgrown, uniq_ijyb
D:6:      layout_loops_ring, minivault_26, lemuel_oklob_altar, uniq_maggie,
          uniq_grinder, uniq_menkaure
D:7:      layout_cave_pools, minitemple, fiery_altar_vehumet, grunt_ogre_cave,
          lemuel_statue_altar
D:8:      layout_loops_ring, serial_shops, shop
D:9:      layout_loops_ring, serial_shops, nicolae_shop_waterfront,
          minmay_guarded_unrand_resistance
D:10:     layout_loops_ring, david_lair_generic, david_orc_3, enter_trove_6,
          minmay_statues_item, minmay_orc_keep
D:11:     layout_rooms, nicolae_gozag_cash_rules_everything_around_me
Temple:   lightli_temple_of_artemis

Skill      XL: |  1  2  3  4  5  6  7  8  9 10 11 |
---------------+----------------------------------+-----
Axes           | 3 4 5 6 8 9 11 12 | 12.1
Fighting       | 3 4 5 6 7 |  7.7
Armour         | 4 5 6 7 8 9 |  9.1
Shields        | 4 5 6 7 8 9 |  9.2
Invocations    | 2 4 6 8 9 |  9.1

Action                   |  1- 3 |  4- 6 |  7- 9 | 10-12 || total
-------------------------+-------+-------+-------+-------++-------
Melee: War axe           |   132 |   121 |   344 |   769 ||  1366
 Abil: Heal Wounds       |       |     3 |    16 |    15 ||    34
  Use: Scroll            |       |       |     7 |    10 ||    17
       Potion            |       |       |       |     6 ||     6
  Eat: Chunk             |       |     2 |     8 |     8 ||    18
       Ration            |       |       |       |     3 ||     3
Armor: Scale mail        |    79 |    44 |       |       ||   123
       Plate armour      |       |       |   252 |   463 ||   715
       Skin              |       |       |       |   171 ||   171
Dodge: Dodged            |    48 |    44 |    88 |   177 ||   357
Block: Kite shield       |    76 |    68 |   231 |   479 ||   854

Table legend:
 A = Non-vault XP
 B = Vault XP
 C = Vault XP percentage of total XP
 D = Non-vault monster count
 E = Vault monster count
 F = Vault count percentage of total count
                 A         B        C        D         E       F
            +---------+---------+-------+---------+---------+-------
      Total |   15588 |    2183 |  12.3 |     241 |      27 |  10.1
            +---------+---------+-------+---------+---------+-------
        D:1 |      28 |       0 |   0.0 |      17 |       0 |   0.0
        D:2 |      10 |       0 |   0.0 |       7 |       0 |   0.0
        D:3 |      24 |       0 |   0.0 |       6 |       0 |   0.0
        D:4 |     318 |     234 |  42.4 |      15 |       2 |  11.8
        D:5 |     517 |      36 |   6.5 |      25 |       1 |   3.8
        D:6 |     806 |     629 |  43.8 |      23 |       3 |  11.5
        D:7 |    1858 |     122 |   6.2 |      27 |       1 |   3.6
        D:8 |    1821 |       0 |   0.0 |      17 |       0 |   0.0
        D:9 |    4021 |       0 |   0.0 |      35 |       0 |   0.0
       D:10 |    2355 |    1162 |  33.0 |      29 |      20 |  40.8
       D:11 |    3830 |       0 |   0.0 |      40 |       0 |   0.0
            +---------+---------+-------+---------+---------+-------
